Map: [ESL] Hard Lead

Players

BattleB

  • Race: Terran Terran
  • Spawn Location: 5:00

Krystianer - Winner!

  • Race: Protoss Protoss
  • Spawn Location: 11:00

Event: ESL SC2 Masters 2023 Winter (Regional)

VOD

Have the link to the VOD?

Description

Time

  • Played on: Oct. 27, 2023, 12:52 p.m.
  • Length: 7:50

All games in this series

Show
View Real Time Build Order
Export as new Build Order

BattleB Terran 

Build Orders: Cyclone Opening 

Get SALT Encoding   

  12  0:00  SCV  
  13  0:14  SCV  
  14  0:16  Supply Depot  
  14  0:26  SCV  
  15  0:38  SCV  
  15  0:39  Barracks  
  16  0:43  Refinery  
  16  0:50  SCV  
  16  0:53  Refinery  
  17  1:02  SCV  
  18  1:14  SCV  
  19  1:24  Supply Depot  
  19  1:27  Orbital Command, Reaper  
  20  1:42  Factory  
  20  1:52  SCV  
  21  1:59  Barracks Reactor  
  21  2:04  SCV  
  22  2:16  Command Center  
  22  2:19  SCV  
  23  2:26  Cyclone  
  25  2:31  SCV  
  26  2:41  Starport  
  26  2:43  SCV  
  27  2:46  Supply Depot  
  27  2:52  Marine x2  
  27  2:55  SCV  
  30  3:08  Cyclone  
  30  3:11  Marine x2  
  34  3:14  SCV  
  34  3:18  Medivac  
  37  3:26  SCV  
  38  3:28  Marine  
  38  3:29  Marine  
  40  3:39  SCV  
  41  3:41  Factory Tech Lab  
  41  3:46  Marine x2  
  43  3:49  Starport Tech Lab  
  43  3:51  SCV  
  43  3:54  Orbital Command  
  44  4:01  Cyclone  
  46  4:04  Marine x2  
  46  4:07  SCV  
  43  4:20  SCV  
  43  4:22  Marine x2  
  44  4:27  SCV  
  44  4:29  Viking  
  47  4:35  SCV  
  45  4:39  SCV  
  45  4:40  Marine  
  47  4:47  SCV  
  47  4:49  Siege Tank  
  47  4:51  SCV  
  47  4:52  Marine  
  49  4:59  SCV  
  50  5:03  SCV  
  50  5:04  Liberator  
  54  5:08  Marine  
  54  5:09  Marine  
  54  5:12  SCV  
  57  5:15  SCV  
  57  5:18  Supply Depot  
  58  5:26  SCV  
  58  5:27  Siege Tank  
  62  5:38  SCV  
  62  5:39  Marine x2  
  62  5:41  Supply Depot  
  64  5:44  SCV  
  65  5:50  SCV  
  65  5:52  Viking  
  69  5:57  SCV  
  69  6:01  Marine x2  
  70  6:05  Bunker  
  70  6:11  SCV x2  
  70  6:16  Bunker, Siege Tank  
  73  6:18  Marine  
  73  6:19  Marine  
  73  6:24  SCV  
  73  6:25  SCV  
  77  6:27  Bunker  
  68  6:33  Viking  
  68  6:36  Marine x2  
  68  6:37  SCV x2  
  61  6:49  SCV x2  
  61  6:50  Siege Tank  
  65  6:54  Marine x2  
  65  6:58  Engineering Bay  
  65  6:59  Barracks x2, Refinery  
  67  7:03  SCV x2  
  67  7:08  Viking  
  67  7:12  Marine x2  
  67  7:15  SCV x2  
  65  7:20  Refinery  
  64  7:28  Bunker  
  64  7:29  SCV x2  
  62  7:30  Marine x2  
  62  7:42  Supply Depot  
Show
View Real Time Build Order
Export as new Build Order

Krystianer Protoss - Winner!

Build Orders: 1 Gate Expand, Oracle Opening 

Get SALT Encoding   

  12  0:00  Probe  
  13  0:12  Probe  
  14  0:17  Pylon  
  14  0:24  Probe (Chrono Boost)  
  16  0:35  Gateway  
  16  0:37  Probe (Chrono Boost)  
  16  0:42  Probe (Chrono Boost)  
  16  0:45  Assimilator  
  17  0:51  Probe  
  18  1:03  Probe  
  19  1:15  Probe  
  20  1:22  Nexus  
  20  1:32  Cybernetics Core  
  20  1:35  Probe  
  21  1:41  Assimilator  
  21  1:47  Probe  
  21  1:51  Pylon  
  22  1:59  Probe  
  23  2:06  Adept (Chrono Boost)  
  23  2:11  Probe  
  23  2:14  Stargate  
  26  2:23  Probe  
  26  2:26  Adept (Chrono Boost)  
  26  2:28  Warp Gate  
  29  2:34  Probe (Chrono Boost)  
  31  2:39  Probe (Chrono Boost)  
  32  2:46  Probe (Chrono Boost)  
  32  2:48  Stalker  
  32  2:51  Probe x2 (Chrono Boost)  
  36  3:00  Probe  
  36  3:04  Oracle (Chrono Boost)  
  37  3:07  Gateway  
  40  3:14  Gateway  
  40  3:19  Shield Battery  
  40  3:25  Adept  
  42  3:29  Pylon  
  42  3:35  Probe x2  
  44  3:43  Twilight Council  
  44  3:47  Probe  
  44  3:48  Probe  
  45  4:00  Probe x2  
  47  4:12  Probe x2  
  47  4:16  Blink (Chrono Boost), Pylon  
  49  4:17  Stalker  
  49  4:18  Stalker  
  49  4:24  Probe  
  54  4:25  Assimilator  
  54  4:26  Probe  
  53  4:33  Pylon  
  53  4:36  Probe  
  54  4:42  Probe  
  54  4:44  Pylon  
  50  4:48  Probe  
  47  4:53  Stalker  
  47  4:54  Probe  
  50  5:00  Probe  
  50  5:06  Probe  
  52  5:09  Stalker  
  52  5:10  Pylon  
  52  5:13  Stalker  
  57  5:16  Probe (Chrono Boost)  
  57  5:19  Probe (Chrono Boost)  
  58  5:25  Nexus  
  59  5:30  Probe (Chrono Boost)  
  59  5:33  Gateway, Probe (Chrono Boost)  
  60  5:40  Stalker  
  62  5:45  Stalker  
  62  5:48  Stalker  
  66  5:51  Probe x2  
  68  6:03  Probe  
  69  6:11  Stalker x3  
  74  6:14  Gateway  
  74  6:15  Gateway  
  74  6:18  Pylon  
  73  6:20  Pylon  
  73  6:23  Pylon  
  70  6:36  Probe  
  71  6:45  Probe  
  68  6:48  Stalker  
  68  6:49  Stalker x3  
  68  6:50  Probe  
  77  6:57  Probe  
  77  6:58  Nexus  
  77  6:59  Pylon  
  78  7:18  Stalker x5  
  78  7:19  Probe  
  89  7:24  Probe  
  89  7:29  Pylon  
  90  7:31  Probe  
  90  7:36  Probe  
  92  7:44  Forge  
Tags
 
Add a new tag
Caveats
  • Supply blocks, unpowered buildings, or Contaminate may cause inaccurate times.
  • Supply counts are checked every 10 seconds.